[Event "*** Titled Tuesday Blitz"]
[Site "Chess.com"]
[Date "2020.04.14"]
[Round "2"]
[White "GracefulYear"]
[Black "pedroholly22"]
[Result "0-1"]
[WhiteElo "2686"]
[BlackElo "2351"]
[TimeControl "180+1"]
[EndTime "10:17:55 PDT"]
[Termination "pedroholly22 won by resignation"]

1. d4 Nf6 2. c4 e6 3. Nf3 c5 4. d5 exd5 5. cxd5 d6 6. Nc3 g6 7. g3 Bg7 8. Bg2 O-O 9. O-O Re8 10. Qc2 Bf5 11. Qb3 Re7 12. Bg5 h6 13. Bxf6 Bxf6 14. Nd2 a6 15. e4 Bc8 16. a4 Nd7 17. a5 Ne5 18. Kh1 h5 19. f4 Ng4 20. Nc4 h4 21.
Rae1 hxg3 22. hxg3 Kg7 23. Rf3 Qh8+ 24. Kg1 Bd4+ 25.
Kf1 Nh2+ 26. Ke2 Nxf3 27. Bxf3 Qh2+ 28. Kd1 Qxg3 29. Ne2 Qf2 30. Nxd6 Bd7 31. e5 Ba4 32. Qxa4 Qxf3 33. Qc2 Rh8 34. f5 Rxe5 35. fxg6 fxg6 36.
Nc4 Rxd5 37. Nd2 Qf5 38. Nxd4 Rxd4 39. Qb3 Rhd8 40. Re7+ Kf8 41. Re2 Qf1+ 42. Kc2 Qxe2 43. Qf3+ Qxf3 44. Nxf3 Rf4 45. Ne5 Kg7 46. Nd3 Rdf8 47.
Nxc5 Rc4+ 48. Kb3 Rxc5 49. Kb4 Rff5 50. b3 Rb5+ 51. Kc4 Rxa5 52. b4 Rab5 53. Kd4 Rxb4+ 54. Kd3 Rbf4 55. Ke3 Rh4 56. Ke2 Rb4 57. Ke3 Ra5 58. Ke2 Ra3 0-1

[Event "*** Titled Tuesday Blitz"]
[Site "Chess.com"]
[Date "2020.04.14"]
[Round "2"]
[White "Vuk2000"]
[Black "GeorgMeier"]
[Result "0-1"]
[WhiteElo "2617"]
[BlackElo "3057"]
[TimeControl "180+1"]
[EndTime "10:17:56 PDT"]
[Termination "GeorgMeier won by resignation"]

1. d4 e6 2. Nf3 Nf6 3. Bg5 d5 4.
c4 Be7 5. Nc3 h6 6. Bxf6 Bxf6 7.
e3 O-O 8. Qc2 c6 9. Bd3 Nd7 10.
O-O dxc4 11. Bxc4 e5 12. Rfd1 exd4 13. Nxd4 Qa5 14. Ne4 Be7 15. Ng3 Nf6 16. a3 Re8 17.
b4 Qc7 18. Rac1 Bf8 19. Qb3 g6 20.
a4 Kg7 21. a5 a6 22. Rd2 h5 23. Qc3 h4 24. Nf1 Qe5 25. Qb3 Re7 26. Nf3 Qh5 27.
Rd4 Bg4 28. Nxh4 Qxh4 29. h3 Ne4 30. Qb2 Qxf2+ 31. Qxf2 Nxf2 32. Kxf2 Bd7 33. Nd2 Rc8 34. Nf3 Be8 35. Bb3 Rec7 36. Rdc4 c5 37. Ne5 Bd6 38. Nd3 cxb4 39. Rxc7 Rxc7 40. Rxc7 Bxc7 41. Bd5 Bb5 42. Nc5 Bxa5 43. Bxb7 Bb6 44. Nxa6 b3 45. Nb4 Bc5 46. Nd5 Bd3 47. Nc3 b2 48. Bd5 Bb4 0-1

[Event "*** Titled Tuesday Blitz"]
[Site "Chess.com"]
[Date "2020.04.14"]
[Round "2"]
[White "Saxar85"]
[Black "Msb2"]
[Result "1-0"]
[WhiteElo "2620"]
[BlackElo "2902"]
[TimeControl "180+1"]
[EndTime "10:17:56 PDT"]
[Termination "Saxar85 won on time"]

1. Nf3 d5 2. g3 Nc6 3. d4 Bf5 4. Bg2 Nb4 5. Na3 e6 6. O-O Be7 7. Ne5 Nf6 8. c3 Nc6 9. Qa4 O-O 10. Nxc6 bxc6 11. Qxc6 Rb8 12. Qa4 c5 13. dxc5 Bxc5 14.
b4 Bb6 15. Bf4 Rc8 16. Rac1 Ne4 17. c4 dxc4 18. Nxc4 Bd4 19. e3 Bf6 20. Qxa7 Nc3 21. Rxc3 Bxc3 22. Nd6 Rc7 23. Nb7 e5 24. Bxe5 Bxe5 25.
Nxd8 Rxa7 26. Nc6 Bb8 27. Nxa7 Bxa7 28. a4 Rb8 29. b5 Bb6 30. Rc1 Kf8 31. Bd5 Ke7 32.
Rc6 Bd7 33. Rc4 Be6 34. Bxe6 fxe6 35. Kg2 Kd7 36. Kf3 Rf8+ 37. Ke2 Rc8 38. Kd3 Rxc4 39.
Kxc4 Ba5 40. f4 Kd6 41. e4 Be1 42. g4 g6 43. h3 h5 44. gxh5 gxh5 45. f5 exf5 46.
exf5 Ba5 47. Kd4 Be1 48. Ke4 Bb4 49. Kf4 Bd2+ 50. Ke4 1-0

[Event "*** Titled Tuesday Blitz"]
[Site "Chess.com"]
[Date "2020.04.14"]
[Round "2"]
[White "MacDaddyMac"]
[Black "LastHeroJr"]
[Result "0-1"]
[WhiteElo "2285"]
[BlackElo "2543"]
[TimeControl "180+1"]
[EndTime "10:17:56 PDT"]
[Termination "LastHeroJr won on time"]

1. e4 e5 2. Nf3 Nc6 3. Bb5 a6 4. Ba4 Nf6 5. Nc3 b5 6. Bb3 Bc5 7. d3 O-O 8. Nd5 h6 9. Be3 Bxe3 10. fxe3 d6 11. Nxf6+ Qxf6 12. Bd5 Bd7 13. O-O Qd8 14. Qe1 Rb8 15. Nh4 Ne7 16. Bb3 Be6 17. Nf5 Qd7 18. Bxe6 Qxe6 19. Qg3 Nxf5 20. exf5 Qf6 21. e4 c6 22. Rf3 d5 23. Re1 Rfe8 24.
Qg4 Rbd8 25. Rg3 Rd7 26. h4 Red8 27. Kh2 a5 28. Kh3 b4 29. Qh5 Kh8 30. Ree3 dxe4 31. Rxe4 Rd4 32. Rge3 Rxe4 33. Rxe4 Rd4 34. Qg4 Rd5 35.
Qf3 Qd8 36. g4 f6 37. g5 fxg5 38. Rc4 Rd4 39. Rxd4 exd4 40. hxg5 Qxg5 41. Qxc6 Qxf5+ 42. Kg2 Qg5+ 43. Kf1 Qc1+ 44. Kf2 Qe3+ 45. Kf1 Kh7 0-1

[Event "*** Titled Tuesday Blitz"]
[Site "Chess.com"]
[Date "2020.04.14"]
[Round "2"]
[White "CyberneticLion"]
[Black "isla88"]
[Result "1/2-1/2"]
[WhiteElo "2502"]
[BlackElo "2287"]
[TimeControl "180+1"]
[EndTime "10:17:56 PDT"]
[Termination "Game drawn - insufficient material"]

1. e4 c5 2. c3 Nf6 3. e5 Nd5 4. g3 Nc6 5. Bg2 e6 6. Nf3 d6 7. exd6 Bxd6 8. O-O O-O 9. d4 cxd4 10. Nxd4 Nxd4 11.
Qxd4 Qc7 12. Nd2 Bd7 13. Nf3 Bc5 14. Qd3 Rad8 15. Qe2 b6 16. Rd1 Bc6 17. Bg5 Rde8 18. c4 Nf6 19. Bxf6 gxf6 20. Rd3 Rd8 21. Rad1 Rxd3 22.
Qxd3 Be7 23. b3 Rd8 24. Qc2 Rxd1+ 25. Qxd1 Qd6 26. Qxd6 Bxd6 27. Nd4 Bxg2 28. Kxg2 a6 29. Kf3 f5 30. Ke2 Kg7 31. Kd3 Kf6 32. Nc2 h5 33. b4 f4 34. Ke4 fxg3 35. hxg3 Kg5 36. Kd4 Kg4 37. c5 bxc5+ 38. bxc5 Bc7 39. Ke4 f5+ 40.
Ke3 f4+ 41. gxf4 Bxf4+ 42. Ke2 h4 43. Kf1 h3 44. Kg1 Be5 45. c6 Kf4 46. Nd4 Ke4 47. Nxe6 Kf3 48. c7 Bxc7 49. Nxc7 a5 50. Ne6 h2+ 51. Kxh2 Kxf2 52. a4 Ke3 53. Nc5 Kd4 54.
Nb3+ Kc4 55. Nxa5+ Kb4 56. Nc6+ Kxa4 1/2-1/2

[Event "*** Titled Tuesday Blitz"]
[Site "Chess.com"]
[Date "2020.04.14"]
[Round "2"]
[White "blazingbanana"]
[Black "terrapin33"]
[Result "0-1"]
[WhiteElo "2393"]
[BlackElo "2154"]
[TimeControl "180+1"]
[EndTime "10:17:56 PDT"]
[Termination "terrapin33 won by resignation"]

1. d4 Nc6 2. c4 e5 3. d5 Nce7 4.
Nc3 Ng6 5. e4 Bc5 6. Nf3 Nf6 7.
Be2 O-O 8. Bg5 d6 9. Qd2 h6 10. Be3 Bb6 11. O-O-O Ng4 12. g3 Nxf2 13. Bxf2 Bxf2 14.
Rdf1 Bc5 15. h4 Ne7 16. h5 f5 17. Nh4 f4 18. gxf4 exf4 19. Rxf4 Rxf4 20. Qxf4 Qf8 21.
Qxf8+ Kxf8 22. Rf1+ Kg8 23. Kc2 Bd7 24. a3 a6 25. Ng6 Nxg6 26. hxg6 Rf8 27. Rf3 Rxf3 28.
Bxf3 Kf8 29. Kd3 Ke7 30. Ne2 Kf6 31. Nf4 Kg5 32. Ne6+ Bxe6 33. dxe6 Kxg6 34. Bg4 Kf6 35. Ke2 g6 36. Kf3 h5 37. Bh3 g5 38. Bf5 a5 39. Kg3 a4 40. e5+ dxe5 41. Bc2 Bd4 42. Bxa4 Bxb2 43. Bd7 Bxa3 44. Kf3 g4+ 45. Ke4 Bc1 46.
Be8 h4 47. Bh5 g3 48. Bf3 Kxe6 49. Bg2 Bf4 50. Bh3+ Kd6 51. Kd3 Kc5 52. Bg2 c6 53.
Bh3 b5 54. cxb5 cxb5 55. Bg2 b4 56. Kc2 Kc4 57. Bh3 e4 58. Bg2 e3 59. Kd1 b3 60.
Ke2 b2 61. Be4 b1=Q 62. Bxb1 h3 63. Be4 g2 64. Bxg2 hxg2 65. Kf3 Kd3 66. Kxf4 Kd2 67.
Kf3 e2 68. Kxg2 e1=Q 69. Kh3 Qg1 70. Kh4 Ke3 0-1

[Event "*** Titled Tuesday Blitz"]
[Site "Chess.com"]
[Date "2020.04.14"]
[Round "2"]
[White "NTBT_DHS"]
[Black "Revnov"]
[Result "1-0"]
[WhiteElo "2564"]
[BlackElo "2766"]
[TimeControl "180+1"]
[EndTime "10:17:57 PDT"]
[Termination "NTBT_DHS won by resignation"]

1. d4 e6 2. c4 Bb4+ 3. Nc3 f5 4. Nf3 Nf6 5. Bd2 O-O 6. Qc2 d6 7. e3 b6 8. g3 Bb7 9. Bg2 Qe7 10. O-O Nbd7 11.
Rad1 Bxc3 12. Bxc3 Be4 13. Qc1 a5 14. Rfe1 Rae8 15.
a3 a4 16. Nd2 Bxg2 17. Kxg2 Qd8 18. Qc2 Qa8+ 19. f3 c5 20. d5 exd5 21. Qxf5 Ne5 22. Bxe5 Rxe5 23. Qd3 Rfe8 24. cxd5 Rxd5 25. Qc3 b5 26. e4 Rde5 27. Nf1 Qc6 28. Ne3 h5 29. Qd2 R8e6 30. Nf5 d5 31. exd5 Rxd5 32. Qg5 Ne8 33. Rxe6 Qxe6 34. Rxd5 Qe2+ 35. Kh3 Qf1+ 36. Kh4 Qg2 37.
Ne7+ Kf8 38. Rf5+ Nf6 39. Rxf6+ gxf6 40. Qxf6+ Ke8 41. Nf5 Qxh2+ 42. Kg5 Qe2 43. f4 b4 44.
Qc6+ Kf7 45. Qd5+ Kf8 46. Qd6+ Kf7 47. Nh6+ Ke8 48. Qc6+ Kf8 49. Qxc5+ Ke8 50. Qe5+ 1-0

[Event "*** Titled Tuesday Blitz"]
[Site "Chess.com"]
[Date "2020.04.14"]
[Round "2"]
[White "kleinebeer98"]
[Black "davidkalashian"]
[Result "1/2-1/2"]
[WhiteElo "2707"]
[BlackElo "2514"]
[TimeControl "180+1"]
[EndTime "10:17:58 PDT"]
[Termination "Game drawn - timeout vs insufficient material"]

1. e4 c6 2. Nf3 g6 3. Nc3 Bg7 4. Bc4 d6 5. Bb3 Nf6 6. d4 O-O 7. O-O Qc7 8. h3 e5 9. Re1 Nbd7 10. a4 exd4 11. Nxd4 Nc5 12. Ba2 Re8 13. Qf3 Ne6 14. Be3 Nd7 15. Nxe6 fxe6 16. Rad1 Ne5 17. Qg3 b6 18. Bd4 Ba6 19. f4 Nf7 20. Bxg7 Kxg7 21. f5 exf5 22. exf5 Ne5 23. Ne4 Rad8 24. Ng5 Bc8 25.
Qh4 h5 26. fxg6 Kxg6 27. Qg3 Kh6 28. c3 Qg7 29. Rxe5 dxe5 30. Rxd8 Rxd8 31. Nf7+ Kh7 32. Qxg7+ Kxg7 33. Nxd8 Bd7 34. Nxc6 Bxc6 35. b3 Kf6 36. Kf2 Kf5 37. Bb1+ e4 38. Ke3 Ke5 39. g3 Bd7 40. Bxe4 Be6 41. b4 Bxh3 42. Bf3 Bd7 43. Bxh5 Bxa4 44. Bf3 Bb3 45. g4 a5 46. bxa5 bxa5 47. Bc6 a4 48. Bxa4 Bxa4 1/2-1/2

[Event "*** Titled Tuesday Blitz"]
[Site "Chess.com"]
[Date "2020.04.14"]
[Round "2"]
[White "MatthewG-p4p"]
[Black "Budisavljevic"]
[Result "0-1"]
[WhiteElo "2751"]
[BlackElo "2420"]
[TimeControl "180+1"]
[EndTime "10:17:58 PDT"]
[Termination "Budisavljevic won by resignation"]

1. e4 c5 2. a3 Nc6 3. b4 Nf6 4. b5 Nd4 5. e5 Qc7 6. exf6 Qe5+ 7. Ne2 Nxe2 8. Bxe2 Qxa1 9. Nc3 gxf6 10. O-O e6 11. Bh5 Rg8 12. Qf3 Be7 13. Re1 Rb8 14. Qd3 f5 15. Qe2 b6 16. Bf3 Bb7 17. Bxb7 Rxb7 18. Qf3 Rb8 19. Qh5 Rg7 20. Qh6 Kf8 21. Rf1 Kg8 22.
a4 Rg6 23. Qe3 Bf6 24. Qf4 Rf8 25. h3 Bxc3 26. dxc3 Qxc3 27. Be3 Qxc2 28. Qd6 Qe4 29.
g3 Qd5 30. Qf4 Qe4 31. Qd6 e5 32. Qxd7 f4 33. Bc1 fxg3 34. f3 Qe2 35. Qd2 Qxd2 36.
Bxd2 Rd6 37. Bc3 Rfd8 38. Bxe5 Rd1 39. Bxg3 Rxf1+ 40. Kxf1 Rd4 41. Bb8 Rxa4 42. Ke2 Ra5 43. Kd3 Rxb5 44. Bxa7 Rb4 45. Kc3 Kf8 46. Bb8 Ke7 47. f4 Ke6 48. h4 Kf5 0-1

[Event "*** Titled Tuesday Blitz"]
[Site "Chess.com"]
[Date "2020.04.14"]
[Round "2"]
[White "IwkooO"]
[Black "dmvlad"]
[Result "1-0"]
[WhiteElo "2533"]
[BlackElo "2283"]
[TimeControl "180+1"]
[EndTime "10:17:58 PDT"]
[Termination "IwkooO won by resignation"]

1. e4 c6 2. d4 d5 3. e5 c5 4. dxc5 e6 5. Qg4 h5 6. Qg3 h4 7. Qf4 g6 8. Nf3 h3 9. g3 Bxc5 10. Nc3 a6 11. Bxh3 Nc6 12. O-O Rxh3 13. Ng5 Nxe5 14.
Nxh3 Bd6 15. Ng5 Qe7 16. Qh4 Bd7 17. f4 Bc5+ 18. Kg2 Nc4 19. Nf3 Nf6 20. Ne5 O-O-O 21.
b3 Bd4 22. bxc4 Bxc3 23. Rb1 dxc4 24. Be3 b5 25. Rfd1 Bxe5 26. fxe5 Bc6+ 27. Kg1 Nd5 28. Qxe7 Nxe7 29. Rxd8+ Kxd8 30. Bg5 Kd7 31. Bxe7 Kxe7 32. c3 Be4 33. Rd1 Bd3 34. Kf2 f6 35. exf6+ Kxf6 36. Ke3 Bf5 37. Rd6 a5 38. Rb6 b4 39. cxb4 axb4 40. Rxb4 c3 41. a4 c2 42. Kd2 Ke5 43.
a5 Kd5 44. a6 Kc5 45. a7 Kxb4 46. a8=Q Kc4 47. Qc6+ Kd4 48. g4 Be4 49. Qxe6 1-0

[Event "*** Titled Tuesday Blitz"]
[Site "Chess.com"]
[Date "2020.04.14"]
[Round "2"]
[White "Embrujada"]
[Black "Stameny"]
[Result "1-0"]
[WhiteElo "2343"]
[BlackElo "2540"]
[TimeControl "180+1"]
[EndTime "10:18:00 PDT"]
[Termination "Embrujada won by checkmate"]

1. c4 Nf6 2. Nc3 c5 3. g3 d5 4. cxd5 Nxd5 5. Bg2 Nc7 6. Nf3 Nc6 7. O-O e5 8. d3 Be7 9. Be3 Bd7 10. Rc1 Rc8 11. Ne4 b6 12. a3 f6 13. Nfd2 O-O 14. Nc4 Kh8 15. Qd2 Nd4 16. Bxd4 exd4 17. b4 cxb4 18. axb4 Be6 19. f4 Qd7 20. Bf3 Nd5 21. b5 Rfd8 22.
f5 Bxf5 23. Ned6 Bxd6 24. Bxd5 Bh3 25. Bc6 Qc7 26. Rf3 Bc5 27. Rf4 Bd7 28. Be4 Rf8 29. Rh4 f5 30. Bd5 Bxb5 31. Rf1 Rce8 32. Qg5 Rf6 33. Rxf5 Qe7 34. Be4 Rxf5 35. Qxf5 g6 36.
Qd5 Bxc4 37. Qxc4 Kg7 38. Qd5 Qf6 39. Qd7+ Re7 40. Qh3 h5 41. Rf4 Qg5 42. Qc8 Rf7 43. Rxf7+ Kxf7 44. Qd7+ Qe7 45. Bd5+ Kg7 46. Qc8 Qe3+ 47.
Kf1 Qc1+ 48. Kg2 Qg5 49. Qg8+ Kf6 50. Qf7+ Ke5 51. Qe6# 1-0

[Event "*** Titled Tuesday Blitz"]
[Site "Chess.com"]
[Date "2020.04.14"]
[Round "2"]
[White "MITerryble"]
[Black "PenguinPacks"]
[Result "0-1"]
[WhiteElo "2860"]
[BlackElo "2389"]
[TimeControl "180+1"]
[EndTime "10:18:01 PDT"]
[Termination "PenguinPacks won by checkmate"]

1. e4 c5 2. Nf3 d6 3. Bb5+ Nd7 4. d4 cxd4 5. Qxd4 a6 6. Bxd7+ Bxd7 7. Bg5 Rc8 8. Nc3 Nf6 9. e5 dxe5 10. Nxe5 Bf5 11.
O-O-O Qxd4 12. Rxd4 e6 13. Nc4 b5 14. Nd6+ Bxd6 15.
Rxd6 b4 16. Na4 Rxc2+ 17. Kd1 Ke7 18. Rd2 Rhc8 19. Ke2 Rxd2+ 20. Bxd2 a5 21. a3 Rc2 22. f3 Nd5 23. g3 bxa3 24. bxa3 Ra2 25. Rc1 Rxa3 26. Nc5 Ra2 27. Rc4 Nb6 28. Rh4 g5 29. Rd4 e5 30. Rd3 Nc4 31. Rd5 Be6 32. Rd3 Bf5 33. Rd5 Be6 34. Rd3 Nb2 35. Rc3 Bc4+ 36. Ke1 f6 37. Bc1 Bd5 38. f4 gxf4 39. gxf4 e4 40. f5 Kd6 41. Bf4+ Ke7 42. h4 a4 43. Rg3 a3 44. Rg7+ Kf8 45. Ra7 Nd3+ 46. Nxd3 exd3 47. Bd6+ Ke8 48. Bb4 Re2+ 49. Kf1 a2 50.
Bc3 Bc4 51. Ra8+ Kd7 52. Ra4 d2 53. Bxd2 Rxd2+ 54. Ke1 Rd4 55. Kf2 Kc6 56. Ke3 Rxh4 57. Kd2 Kb5 58. Ra8 Rh1 59. Kc3 a1=Q+ 60. Kc2 Qa2+ 61. Kc3 Qb3+ 62. Kd4 Qd3# 0-1

[Event "*** Titled Tuesday Blitz"]
[Site "Chess.com"]
[Date "2020.04.14"]
[Round "2"]
[White "HouseOfDurin"]
[Black "Mimsychess"]
[Result "1-0"]
[WhiteElo "2066"]
[BlackElo "2369"]
[TimeControl "180+1"]
[EndTime "10:18:01 PDT"]
[Termination "HouseOfDurin won on time"]

1. d4 Nf6 2. Bg5 e6 3. e4 h6 4. Bxf6 Qxf6 5. e5 Qd8 6. f4 d6 7. Nf3 Nd7 8. c3 Be7 9. Nbd2 dxe5 10. dxe5 O-O 11. Qc2 a5 12. O-O-O Qe8 13. g4 Nb6 14. Qe4 Bd7 15. Bd3 g6 16. Nd4 Bc6 17.
Nxc6 Qxc6 18. Qxc6 bxc6 19. f5 Bg5 20. Kc2 Nd5 21. Nc4 Ne3+ 22. Nxe3 Bxe3 23. Rhf1 g5 24. fxe6 fxe6 25. Be4 Kg7 26. Bxc6 Rad8 27. Rxf8 Rxf8 28. Rd7+ Rf7 29. Rxf7+ Kxf7 30. Kd3 Bf4 31. Ke4 Bxh2 32. b4 axb4 33. cxb4 Bg1 34. a4 Bf2 35. a5 Be1 36. a6 Bf2 37. b5 Ba7 38. Bb7 Bb6 39. Bc6 Ke7 40. Bb7 Kd8 41. Kd3 Ba7 42. Kc4 Bb6 43. Kb4 Ba7 44. Ka5 Bb6+ 45. Kb4 Ba7 46. Kc4 Bb6 47.
Bd5 Ba7 48. Bxe6 Ke7 49. Bf5 Bb6 50. Kd5 Ba7 51. Kc6 Bb6 52. Kb7 Kd8 53. a7 Bxa7 54.
Kxa7 1-0

[Event "*** Titled Tuesday Blitz"]
[Site "Chess.com"]
[Date "2020.04.14"]
[Round "2"]
[White "starworld123"]
[Black "MaximDlugy"]
[Result "1/2-1/2"]
[WhiteElo "2609"]
[BlackElo "2894"]
[TimeControl "180+1"]
[EndTime "10:18:02 PDT"]
[Termination "Game drawn by stalemate"]

1. Nf3 d5 2. d4 c5 3. c4 cxd4 4.
cxd5 Nf6 5. Qxd4 Qxd5 6. Nc3 Qxd4 7. Nxd4 Bd7 8. e4 Nc6 9. Nxc6 Bxc6 10. f3 e6 11. Be2 a6 12. Be3 Nd7 13. Kf2 Bd6 14.
Rhd1 Ke7 15. Rac1 Rac8 16. g3 Be5 17. Bd4 g5 18. Bxe5 Nxe5 19. Ke3 h5 20. h4 gxh4 21. gxh4 Ng6 22. Rh1 e5 23. Bc4 Nf4 24. Ne2 Nxe2 25. Bxe2 Bd7 26. f4 Be6 27. a3 Bg4 28. Bxg4 Rxc1 29.
Rxc1 hxg4 30. fxe5 Rxh4 31. Rc7+ Ke6 32. Rxb7 Kxe5 33. Re7+ Kf6 34. Ra7 Ke5 35. Re7+ Kf6 36. Ra7 Kg5 37. Rxf7 Rh3+ 38. Kf2 Rb3 39. e5 Rxb2+ 40.
Kg3 Rb3+ 41. Kg2 Rxa3 42. e6 Re3 43. e7 Kg6 44. Rf4 Rxe7 45. Rxg4+ Kf5 46. Ra4 Re6 47.
Kf3 Kf6 48. Rf4+ Kg5 49. Rg4+ Kf5 50. Rf4+ Kg6 51. Rg4+ Kf7 52. Rf4+ Ke7 53. Re4 a5 54. Rxe6+ Kxe6 55. Ke4 Kd6 56. Kd4 Kc6 57. Kc4 Kb6 58. Kb3 Kb5 59. Ka3 a4 60. Ka2 Kb4 61. Kb2 a3+ 62.
Ka2 Ka4 63. Ka1 Kb3 64. Kb1 a2+ 65. Ka1 Ka3 1/2-1/2

[Event "*** Titled Tuesday Blitz"]
[Site "Chess.com"]
[Date "2020.04.14"]
[Round "2"]
[White "igorkovalenko"]
[Black "I_like_Kasparov"]
[Result "1-0"]
[WhiteElo "2896"]
[BlackElo "2352"]
[TimeControl "180+1"]
[EndTime "10:18:02 PDT"]
[Termination "igorkovalenko won by resignation"]

1. e4 c5 2. Nf3 e6 3. c3 d5 4. e5 Nc6 5. d4 Qb6 6. a3 a5 7.
Bd3 Bd7 8. dxc5 Bxc5 9. O-O f6 10. Qe2 fxe5 11. Nxe5 Nxe5 12. Qxe5 Nf6 13. Qe2 O-O 14. Nd2 Rae8 15. b4 axb4 16. axb4 Bd6 17. Nb3 e5 18. Nc5 Bg4 19. Qa2 e4 20. Nxe4 Nxe4 21. Qxd5+ Be6 22. Qxe4 Bf5 23. Qd5+ Be6 24. Qe4 Bf5 25.
Qc4+ Be6 26. Qh4 g6 27. Be3 Qc7 28. Bd4 Rf4 29. Qh6 Bf8 30. Qg5 Rg4 31. Qf6 Bg7 32. Qxg7+ Qxg7 33. Bxg7 Kxg7 34. Rfe1 Rf4 35. f3 Rf7 36.
Rxe6 Rxe6 37. Bc4 Rfe7 38. Bxe6 Rxe6 39. Kf2 Rc6 40. Ra3 b5 41. g4 Kf6 42. h4 h5 43.
g5+ Kf5 44. Kg3 Rc4 45. Ra5 Rxc3 46. Rxb5+ Ke6 47. Rb6+ Kf7 48. b5 Rc4 49. Rf6+ Kg7 50. b6 Rb4 51. f4 Rb3+ 52. Kf2 Rb2+ 53. Ke3 Rb3+ 54. Kd4 Rh3 55. Kc5 Rc3+ 56. Kd6 Rd3+ 57. Kc7 Rc3+ 58. Kb8 Rb3 59. b7 Rb4 60. Kc7 Rc4+ 61.
Rc6 Rxf4 62. b8=Q Rf7+ 63. Kb6 Re7 64. Rc7 1-0

[Event "*** Titled Tuesday Blitz"]
[Site "Chess.com"]
[Date "2020.04.14"]
[Round "2"]
[White "20ofJuly"]
[Black "lupta_robin"]
[Result "0-1"]
[WhiteElo "2215"]
[BlackElo "2482"]
[TimeControl "180+1"]
[EndTime "10:18:02 PDT"]
[Termination "lupta_robin won by resignation"]

1. e4 g6 2. d4 Nf6 3. Nc3 d5 4. e5 Ne4 5. Nxe4 dxe4 6. Ne2 c5 7.
c3 Nc6 8. Be3 Bg7 9. Ng3 cxd4 10. cxd4 Qa5+ 11. Bd2 Qb6 12. Bc3 O-O 13. Qb3 Rd8 14.
O-O-O Qc7 15. Bc4 Na5 16. Bxa5 Qxa5 17. Bxf7+ Kh8 18. Kb1 Bg4 19. Nxe4 Bxd1 20. Rxd1 Bxe5 21. dxe5 Qxe5 22. Ng3 Rxd1+ 23. Qxd1 Kg7 24. Bb3 Rc8 25. f3 b5 26. a3 a5 27. Qd5 Qe1+ 28. Ka2 a4 29. Qf7+ Kh6 30. Nf5+ gxf5 31. Be6 Rc7 32. Qxf5 Qh4 33. Qf8+ Kg6 34. Qf5+ Kh6 35. Qf8+ Kg6 36.
Qf7+ Kg5 37. g4 Qf2 38. f4+ Qxf4 39. Qh5+ Kf6 40. Qf7+ Ke5 41. Qg7+ Qf6 42. Qxf6+ exf6 43. Bf5 h5 44. h3 h4 45. Kb1 Rc5 46. Ka1 Kf4 47. Kb1 Kg3 48. Ka2 Kxh3 49. Kb1 Kg3 50.
Be6 h3 0-1

[Event "*** Titled Tuesday Blitz"]
[Site "Chess.com"]
[Date "2020.04.14"]
[Round "2"]
[White "Grischuk"]
[Black "Artem_Sadovsky"]
[Result "1-0"]
[WhiteElo "3091"]
[BlackElo "2622"]
[TimeControl "180+1"]
[EndTime "10:18:03 PDT"]
[Termination "Grischuk won by resignation"]

1. Nf3 d5 2. g3 Nf6 3. Bg2 Bg4 4. c4 c6 5. Ne5 Bf5 6. cxd5 cxd5 7. Nc3 e6 8. Qa4+ Nbd7 9. g4 Bg6 10. h4 h5 11.
g5 Ng8 12. Nxd5 exd5 13. Bh3 Bd6 14. Qxd7+ Qxd7 15. Bxd7+ Ke7 16. Nxg6+ fxg6 17. Ba4 Ke6 18. Bb3 Ne7 19. e3 Rhd8 20. Ke2 a5 21. a4 Bb4 22. d3 Kd6 23. e4 Rf8 24. Be3 Rac8 25. Rac1 dxe4 26. dxe4 Nc6 27. Rhd1+ Ke7 28. f4 Rfd8 29.
e5 Rxd1 30. Rxd1 Nd8 31. Rc1 Rxc1 32. Bxc1 Ne6 33. Be3 Nc5 34. Bc2 Kf7 35. Bxc5 Bxc5 36. e6+ Kxe6 37. Bxg6 Bd6 38. Kf3 Bc5 39. Bxh5 Ke7 40.
Bg6 Bd4 41. b3 Bc3 42. h5 Be1 43. Kg4 Bd2 44. Bd3 b6 45. Kf5 Bc1 46. Bc4 Bd2 47. Kg4 Bc1 48. f5 Bd2 49. h6 gxh6 50. f6+ Kd6 51. g6 Bc3 52. g7 1-0

[Event "*** Titled Tuesday Blitz"]
[Site "Chess.com"]
[Date "2020.04.14"]
[Round "2"]
[White "Man-Chuk"]
[Black "Alliswell998"]
[Result "0-1"]
[WhiteElo "2758"]
[BlackElo "2560"]
[TimeControl "180+1"]
[EndTime "10:18:03 PDT"]
[Termination "Alliswell998 won by resignation"]

1. d4 Nf6 2. c4 c5 3. d5 b5 4.
cxb5 a6 5. b6 g6 6. Nc3 Bg7 7.
Nf3 d6 8. a4 Qxb6 9. a5 Qa7 10.
Nd2 O-O 11. Nc4 Nbd7 12. e4 Rb8 13. Be2 Ne8 14. O-O Nc7 15. Bg5 Re8 16. Qd2 Nb5 17. Bh6 Bh8 18. Bd1 Nd4 19. Ba4 Rb4 20. Nb6 Rd8 21.
Bg5 f6 22. Bf4 Nxb6 23. axb6 Qxb6 24. Ra2 a5 25. Rfa1 Ba6 26. Qe1 Rb8 27. h3 Bc4 28.
Ra3 Rxb2 29. Bd1 Ra8 30. Na4 Qb4 31. Qe3 Rb1 32. Kh2 Rb8 33. Rxb1 Qxb1 34. Bg4 Qf1 35. Nc3 Rb2 36. Bg3 Nc2 37. Be6+ Kg7 38. Qf4 Nxa3 39. e5 dxe5 40. Qh4 Rb3 41. Ne4 Rb1 42. Bxe5 Qg1+ 43.
Kg3 Rb3+ 44. f3 Qe1+ 45. Nf2 Qxe5+ 46. Qf4 Qxf4+ 47. Kxf4 a4 48. Ne4 Nb5 49. Nxc5 a3 50. d6 Nxd6 51. Bxc4 Nxc4 52. Nxb3 a2 53. Ke4 Nd2+ 54.
Nxd2 a1=Q 0-1

[Event "*** Titled Tuesday Blitz"]
[Site "Chess.com"]
[Date "2020.04.14"]
[Round "2"]
[White "abhidabhi"]
[Black "DejanNestor64"]
[Result "1-0"]
[WhiteElo "2745"]
[BlackElo "2396"]
[TimeControl "180+1"]
[EndTime "10:18:03 PDT"]
[Termination "abhidabhi won on time"]

1. e4 c5 2. Nc3 e6 3. g3 Nc6 4. Bg2 Nge7 5. Nge2 d5 6. d3 g6 7. Bg5 d4 8. Bf6 Rg8 9. Nb1 Bg7 10. Bxg7 Rxg7 11.
Nd2 Kf8 12. O-O f6 13. f4 Rf7 14. Nf3 Kg7 15. c3 e5 16. cxd4 exd4 17. a3 a5 18.
Kh1 b6 19. Rc1 Ba6 20. Qd2 Qd7 21. h4 a4 22. Qc2 Na5 23. e5 Nd5 24. exf6+ Rxf6 25.
Ne5 Qd6 26. Qxa4 Bb7 27. Qd7+ Kg8 28. Qxd6 Rxd6 29. Nc4 Re6 30. Ng1 Rb8 31. Nxa5 bxa5 32. Rxc5 Ne3 33. Bxb7 Rxb7 34. Rb1 Ng4 35. b4 Re3 36.
Kg2 Rxd3 37. Rb2 Rxa3 38. b5 h5 39. b6 a4 40. Rc7 Rb8 41. b7 Rc3 42. Rd7 Ne3+ 43. Kh3 Nf5 44. Ne2 Re3 45. Rc2 1-0

[Event "*** Titled Tuesday Blitz"]
[Site "Chess.com"]
[Date "2020.04.14"]
[Round "2"]
[White "allvim"]
[Black "IM_Tissir"]
[Result "0-1"]
[WhiteElo "2277"]
[BlackElo "2509"]
[TimeControl "180+1"]
[EndTime "10:18:03 PDT"]
[Termination "IM_Tissir won by checkmate"]

1. e4 c5 2. Nf3 e6 3. g3 Nc6 4.
Bg2 d6 5. O-O Nf6 6. Qe2 Be7 7. c3 O-O 8. d4 Qc7 9. Rd1 a6 10. a4 Re8 11. Nbd2 cxd4 12. cxd4 e5 13. Nf1 Bg4 14. d5 Nd4 15. Qd3 Nc2 16. Rb1 Nb4 17.
Qe3 a5 18. Bd2 Qc2 19. Bxb4 axb4 20. h3 Bxf3 21. Bxf3 Qxa4 22. Nd2 Rec8 23. b3 Qd7 24. Nc4 Qxh3 25. Bg2 Qh5 26. Rdc1 b5 27. Nb6 Rxc1+ 28. Rxc1 Rf8 29. Rc7 Ng4 30. Qe2 Bd8 31. Rb7 f5 32. exf5 Rxf5 33. Bf3 Qh2+ 34. Kf1 Qh3+ 35. Ke1 Nh2 36. Rb8 Nxf3+ 37. Kd1 Rf8 38. Qxb5 Bxb6 39. Rxf8+ Kxf8 40. Qxb6 Qf1+ 41. Kc2 Qe2+ 42. Kb1 Nd2+ 43. Kc1 Nxb3+ 44. Kb1 Qd3+ 45. Kb2 Qc3+ 46. Ka2 Qc2# 0-1

[Event "*** Titled Tuesday Blitz"]
[Site "Chess.com"]
[Date "2020.04.14"]
[Round "2"]
[White "HrvojeZagreb"]
[Black "GasconJR"]
[Result "0-1"]
[WhiteElo "2185"]
[BlackElo "2445"]
[TimeControl "180+1"]
[EndTime "10:18:04 PDT"]
[Termination "GasconJR won by resignation"]

1. d4 f5 2. Bg5 Nf6 3. Bxf6 exf6 4. e3 d5 5. c4 c6 6. cxd5 cxd5 7. Nc3 Nc6 8. Nge2 Bb4 9. Qb3 Be6 10. Nf4 Bf7 11. Bb5 O-O 12. Bxc6 Bxc3+ 13. Qxc3 Rc8 14.
O-O Rxc6 15. Qa3 Qb6 16. Rfc1 Rfc8 17. Nd3 Qb5 18. h3 g5 19. Rxc6 Rxc6 20. Rc1 f4 21. Rxc6 Qxc6 22. exf4 Qc4 23. Qc3 Qxa2 24. fxg5 Qc4 25.
gxf6 Qxc3 26. bxc3 a5 27. Kf1 Be8 28. Ke1 Kf7 29.
Kd2 Kxf6 30. g4 b6 31. f3 Kg5 32. Ke3 Bb5 33. Nf4 Bc4 34. Ng2 a4 35. Ne1 a3 36. Nc2 a2 37. Na1 Kh4 38. Kf4 Kxh3 39. Kf5 Kg3 40. f4 Bd3+ 41. Kg5 Be2 42. f5 Bxg4 43. f6 Be6 44. Kh6 Kf4 45. Kxh7 Ke3 46. Kg7 Kd3 47. f7 Bxf7 48. Kxf7 Kxc3 49. Ke6 Kxd4 50.
Kd6 Kc3 51. Kxd5 Kb2 52. Kc4 Kxa1 0-1